 Dungeon Crawl Stone Soup version 0.31-a0-865-g3d5d91748a (webtiles) character file.

Game seed: 16015813433359862534

102 kae the Chopper (level 4, -13/40 (41) HPs)
             Began as a Hill Orc Fighter on Oct 10, 2023.
             Mangled by Crazy Yiuf
             ... wielding a +4 quarterstaff of chaos
              (18 damage)
             ... on level 2 of the Dungeon.
             The game lasted 00:00:48 (1736 turns).

kae the Chopper (Hill Orc Fighter)                  Turns: 1736, Time: 00:00:49

HP:   -13/40 (41)   AC:  7    Str: 20    XL:     4   Next: 77%
MP:   4/4           EV:  9    Int:  8    God:
Gold: 114           SH:  5    Dex: 16    Spells: 3/3 levels left

rFire   . . .        a - +0 war axe
rCold   . . .        c - +0 buckler
rNeg    . . .        b - +0 scale mail
rPois   .            (no helmet)
rElec   .            (no cloak)
rCorr   .            (no gloves)
SInv    .            (no boots)
Will    .....        (no amulet) Stlth
                     D - +6 ring of dexterity
HPRegen 0.26/turn    (no ring)
MPRegen 0.09/turn

%: no passive effects
@: lightly drained
A: no striking features
a: no special abilities


You were on level 2 of the Dungeon.
You visited 1 branch of the dungeon, and saw 2 of its levels.

You collected 114 gold pieces.


   Skills:
 + Level 4.5 Fighting
 * Level 5.1 Axes
 + Level 3.8 Armour
 - Level 3.2 Shields


You had 3 spell levels left.
You didn't know any spells.
Your spell library was empty.

Inventory:

Hand Weapons
 a - a +0 war axe (weapon)
Missiles
 e - 17 stones
Armour
 b - a +0 scale mail (worn)
 c - a +0 buckler (worn)
Jewellery
 D - a +6 ring of dexterity (left hand)
   (You found it on level 2 of the Dungeon)
Scrolls
 f - a scroll of poison {unknown}
 h - a scroll of teleportation {unknown}
 i - a scroll of blinking {unknown}
 o - 3 scrolls of identify {unknown}
 p - 3 scrolls of silence {unknown}
 q - a scroll of fear {unknown}
Potions
 d - 3 potions of might
 g - a potion of ambrosia {unknown}
 j - 2 potions of heal wounds {unknown}
 k - 2 potions of brilliance {unknown}
 l - 2 potions of lignification {unknown}
 m - a potion of experience {unknown}
 n - 2 potions of curing {unknown}

Dungeon Overview and Level Annotations

Branches:
Dungeon (2/15) Zot: 10229

Altars:

Annotations:
D:2 Crazy Yiuf

#.# #..# #.# ##.#
#.# #.# ### ###
###### ###
##.#..## ###..)#
#......####@g...#
#.......#..##...#
#####
#..#.#.#.### ###
#.... ##.#######
#.### #.#
######.### #.###
### #.........
#...###.#
######.##.
###..##.# #.##.
##..#.## ###
#....


You could see Crazy Yiuf.


Message History

No target in view!
Items here: )) [ รท.
You see here a ball python skeleton.
Key pressed, stopping explore.
No target in view!
No target in view!
A ball python comes into view.
The ball python hisses angrily.
The ball python bites you but does no damage.
The ball python grabs you. The ball python constricts you.
You hit the ball python. The ball python barely misses you.
The ball python constricts you.
The ball python bites you but does no damage.
The ball python constricts you.
A ball python is nearby! ๐Ÿ˜• HP[-1]
You take 1 damage, and now have 40/41 hp.
A ball python is nearby!
You closely miss the ball python.
The ball python bites you but does no damage.
The ball python constricts you. The ball python bites you.
The ball python constricts you.
You slash the ball python!
You kill the ball python! ๐Ÿ˜• HP[-3]
You take 3 damage, and now have 37/41 hp.
Key pressed, stopping explore.
No target in view!
No target in view! ๐Ÿ˜Ž HP[+4]
Your hp is fully restored (41).
q - a scroll labelled CIZXIFASEH No target in view!
No target in view!
Key pressed, stopping explore.
No target in view!
No target in view!
Key pressed, stopping explore.
No target in view!
No target in view!
Key pressed, stopping explore.
No target in view!
No target in view!
There is a stone staircase leading down here.
Key pressed, stopping explore.
No target in view!
No target in view!
Partly explored, can't reach some places.
No target in view!
No target in view!
Partly explored, can't reach some places.
Partly explored, can't reach some places.
No target in view!
No target in view!
Partly explored, can't reach some places.
You hit the fungus but do no damage. You hit the fungus.
The fungus begins to die.
You hit the fungus but do no damage. You slash the fungus!
The fungus begins to die.
You hit the fungus. x2
The fungus begins to die.
You hit the fungus. x3
You slash the fungus! You hit the fungus. x2
A nearby fungus withers and dies. x3
You hit the fungus.
The fungus begins to die.
You hit the fungus.
The fungus begins to die.
You slash the fungus! You hit the fungus but do no damage. You hit the fungus.
You slash the fungus!
A nearby fungus withers and dies. x2
Found a hammer.
Found a runed translucent door.
Crazy Yiuf shouts!
You open the door. You closely miss Crazy Yiuf.
Crazy Yiuf hits you with a +4 quarterstaff of chaos.
Crazy Yiuf freezes you.
Crazy Yiuf yells, "East childish meccalolo!"
You block Crazy Yiuf's attack. ๐Ÿ˜• HP[-2]
You take 2 damage, and now have 39/41 hp.
You hit Crazy Yiuf.
Crazy Yiuf hits you with a +4 quarterstaff of chaos!
You feel drained.
You are too injured to fight recklessly! ๐Ÿ˜ฎ HP[-14]
You now have 40 max hp (-1).
You take 14 damage, and now have 25/40 hp.
MASSIVE DAMAGE!! (PAUSE)
You hit Crazy Yiuf.
Crazy Yiuf hits you with a +4 quarterstaff of chaos.
You are electrocuted!
* * * LOW HITPOINT WARNING * * *
๐Ÿ˜ฑ HP[-15]
You take 15 damage, and now have 10/40 hp.
MASSIVE DAMAGE!! (PAUSE)
You closely miss Crazy Yiuf.
Crazy Yiuf hits you with a +4 quarterstaff of chaos.
* * * LOW HITPOINT WARNING * * *
๐Ÿ˜ฑ HP[-6]
You take 6 damage, and now have 4/40 hp.
You closely miss Crazy Yiuf.
Crazy Yiuf hits you with a +4 quarterstaff of chaos!!
You die...

Skill      XL: |  1  2  3  4 |
---------------+-------------+-----
Axes           | 3 4 5 |  5.1
Fighting       | 4 |  4.5
Armour         | |  3.8
Shields        | |  3.2

Action                     |  1- 3 |  4- 6 || total
---------------------------+-------+-------++-------
  Melee: War axe           |    67 |    36 ||   103
 Armour: Scale mail        |    38 |    20 ||    58
  Dodge: Dodged            |    27 |     9 ||    36
  Block: Buckler           |     9 |     4 ||    13

Levels and vault maps discovered:
D:1:      dpeg_arrival_arbitrary_a, layout_rooms
D:2:      layout_loops_ring, serial_forest, infiniplex_forest_zigzag_2,
          infiniplex_forest_straight_5, infiniplex_forest_zigzag_1,
          infiniplex_forest_lined_corner, infiniplex_forest_lined_corner,
          infiniplex_forest_clump_small, palyth_stone_intersect,
          chequers_serial_rivers_micro_c, uniq_natasha, uniq_crazy_yiuf_cottage

Notes
Turn   | Place    | Note
-------+----------+-------------------------------------------
     0 | D:1      | kae the Hill Orc Fighter began the quest for the Orb.
     0 | D:1      | Reached XP level 1. HP: 19/19 MP: 1/1
     0 | D:1      | magus.rc [v1.11.3]
   153 | D:1      | Reached skill level 3 in Axes
   298 | D:1      | Reached XP level 2. HP: 27/27 MP: 2/2
   710 | D:2      | Reached skill level 4 in Fighting
   826 | D:2      | HP: 2/27 [worm (7)]
   938 | D:2      | Noticed Natasha
   946 | D:2      | Killed Natasha
   947 | D:2      | Reached skill level 4 in Axes
   947 | D:2      | Reached XP level 3. HP: 25/33 MP: 3/3
   984 | D:2      | Reached XP level 4. HP: 36/40 MP: 4/4
  1147 | D:2      | Reached skill level 5 in Axes
  1727 | D:2      | Found a runed translucent door.
  1728 | D:2      | Noticed Crazy Yiuf
  1734 | D:2      | HP: 10/40 [Crazy Yiuf/+4 quarterstaff of chaos (11)]
  1735 | D:2      | HP: 4/40 [Crazy Yiuf/+4 quarterstaff of chaos (6)]
  1736 | D:2      | Mangled by Crazy Yiuf

Vanquished Creatures
  An orc priest (D:2)
  Natasha (D:2)
  An adder (D:2)
  A worm (D:2)
  2 orcs (D:2)
  4 ball pythons (D:2)
  3 endoplasms
  2 giant cockroaches
  A goblin (D:1)
  4 jackals (D:2)
  A quokka (D:2)
  2 bats
  4 frilled lizards
  5 kobolds
  5 rats (D:1)
37 creatures vanquished.

Table legend:
 A = Non-vault XP
 B = Vault XP
 C = Vault XP percentage of total XP
 D = Non-vault monster count
 E = Vault monster count
 F = Vault count percentage of total count
                 A         B        C        D         E       F
            +---------+---------+-------+---------+---------+-------
      Total |     111 |      35 |  24.0 |      36 |       1 |   2.7
            +---------+---------+-------+---------+---------+-------
        D:1 |      18 |       0 |   0.0 |      14 |       0 |   0.0
        D:2 |      93 |      35 |  27.3 |      22 |       1 |   4.3
            +---------+---------+-------+---------+---------+-------

Skill      XL: |  1  2  3  4 |
---------------+-------------+-----
Axes           | 3 4 5 |  5.1
Fighting       | 4 |  4.5
Armour         | |  3.8
Shields        | |  3.2

Action                     |  1- 3 |  4- 6 || total
---------------------------+-------+-------++-------
  Melee: War axe           |    67 |    36 ||   103
 Armour: Scale mail        |    38 |    20 ||    58
  Dodge: Dodged            |    27 |     9 ||    36
  Block: Buckler           |     9 |     4 ||    13

Illustrated notes

Table legend:
 A = Kills in this place as a percentage of kills in the entire game.
 B = Kills by you in this place as a percentage of kills by you in the entire game.
 C = Kills by friends in this place as a percentage of kills by friends in the entire game.
 D = Other kills in this place as a percentage of other kills in the entire game.
 E = Experience gained in this place as a percentage of experience gained in the entire game.
 F = Experience gained in this place divided by the number of levels of this place that you have seen.
                   A       B       C       D       E      F
               +-------+-------+-------+-------+-------+----------------------
         Total | 100.0 | 100.0 |   N/A |   N/A | 100.0 |  73.0
       Dungeon | 100.0 | 100.0 |   N/A |   N/A | 100.0 |  73.0
               +-------+-------+-------+-------+-------+----------------------

Table legend: (Time is in decaauts)
 A = Elapsed time spent in this place.
 B = Non-inter-level travel time spent in this place.
 C = Inter-level travel time spent in this place.
 D = Time resting spent in this place.
 E = Time spent auto-exploring this place.
 F = Levels seen in this place.
 G = Mean time per level.
                   A        B        C        D        E       F      G
               +--------+--------+--------+--------+--------+-----+--------+
         Total |   1769 |   1748 |     21 |     32 |   1471 |   2 |  884.5 |
       Dungeon |   1769 |   1748 |     21 |     32 |   1471 |   2 |  884.5 |
               +--------+--------+--------+--------+--------+-----+--------+

Top non-repeatable levels by time:
     D:2: 1092 daAuts
     D:1: 676 daAuts
